Map: Jagannatha LE

Players

Namshar

  • Race: Zerg Zerg

PiLiPiLi - Winner!

  • Race: Protoss Protoss

Event: DreamHack SC2 Masters 2021 Fall

VOD

Have the link to the VOD?

Description

Time

  • Played on: Aug. 8, 2021, 4:03 p.m.
  • Length: 11:37

All games in this series

Show
View Real Time Build Order
Export as new Build Order

Namshar Zerg 

Build Orders: Pool First 

Get SALT Encoding   

  12  0:16  Spawning Pool  
  11  0:21  Drone  
  11  0:26  Drone  
  13  0:30  Drone  
  14  0:39  Overlord  
  14  1:03  Zergling x4  
  16  1:04  Zergling x2  
  17  1:16  Zergling x2  
  18  1:26  Zergling x2  
  18  1:27  Hatchery  
  18  1:33  Queen  
  18  1:38  Drone  
  21  1:47  Overlord  
  20  2:10  Zergling x4  
  20  2:12  Queen  
  24  2:28  Zergling x2  
  23  2:37  Drone  
  24  2:42  Drone x2  
  26  2:44  Queen  
  28  2:54  Drone x4  
  31  3:03  Overlord  
  31  3:06  Zergling x2  
  31  3:11  Zergling x2  
  32  3:18  Zergling x4  
  34  3:23  Overlord  
  34  3:26  Drone x2  
  36  3:33  Drone x2  
  37  3:44  Drone x2  
  37  3:46  Hatchery  
  36  3:59  Drone x4  
  36  4:01  Drone  
  36  4:02  Drone x2  
  42  4:04  Spore Crawler  
  40  4:14  Drone x2  
  43  4:20  Overlord  
  43  4:23  Drone  
  43  4:24  Drone  
  45  4:28  Drone x2  
  47  4:37  Extractor  
  47  4:38  Drone x2  
  48  4:39  Extractor x2  
  46  4:52  Drone x5  
  51  5:00  Zergling x4  
  51  5:04  Zergling x2  
  51  5:05  Drone x3  
  53  5:10  Drone x2  
  52  5:17  Spore Crawler  
  52  5:18  Spore Crawler  
  49  5:26  Drone x4  
  50  5:29  Drone  
  50  5:32  Spore Crawler  
  50  5:33  Drone  
  51  5:38  Drone x2  
  53  5:43  Drone x3  
  53  5:48  Drone  
  57  5:50  Overlord x2  
  57  6:05  Overlord  
  57  6:09  Queen  
  57  6:10  Queen, Drone x6  
  67  6:11  Metabolic Boost  
  67  6:17  Roach Warren  
  66  6:24  Zergling x10  
  71  6:27  Queen  
  74  6:32  Zergling x2  
  74  6:33  Zergling x6  
  74  6:35  Overlord  
  76  6:44  Drone  
  76  6:45  Drone x4  
  79  6:56  Drone  
  79  6:57  Drone x10  
  88  7:06  Lair  
  88  7:10  Extractor, Drone x2  
  88  7:11  Extractor, Evolution Chamber  
  88  7:14  Overlord  
  87  7:16  Extractor  
  87  7:22  Drone x4  
  90  7:23  Overlord x2  
  90  7:27  Hatchery  
  89  7:36  Overlord  
  89  7:37  Overlord  
  87  7:39  Pneumatized Carapace  
  87  7:42  Zerg Missile Weapons Level 1  
  87  7:45  Drone  
  87  7:46  Drone x8  
  96  7:55  Drone  
  96  7:56  Baneling Nest  
  96  7:57  Queen  
  98  8:02  Spore Crawler  
  98  8:03  Spore Crawler  
  94  8:06  Spire  
  94  8:08  Overlord x2  
  93  8:14  Drone  
  93  8:15  Drone x2  
  92  8:21  Overlord x2  
  92  8:23  Overlord  
  89  8:35  Overlord  
  89  8:38  Overlord x3  
  89  8:39  Overlord x4  
  89  8:44  Spore Crawler  
  89  8:47  Glial Reconstitution, Centrifical Hooks  
  88  8:51  Overlord x2  
  88  8:55  Overlord  
  88  8:57  Overlord  
  88  9:09  Queen  
  90  9:11  Overlord x2  
  90  9:13  Queen  
  90  9:14  Queen  
  90  9:17  Spore Crawler, Drone  
  90  9:21  Corruptor  
  90  9:22  Corruptor x3  
  96  9:26  Overlord x5  
  96  9:36  Overlord  
  96  9:40  Overlord  
  96  9:41  Overlord x2  
  98  9:54  Corruptor x4  
  106  10:05  Overlord x4  
  106  10:06  Overlord  
  102  10:18  Overlord x3  
  100  10:24  Roach x6  
  100  10:25  Baneling  
  100  10:26  Baneling x11  
  100  10:27  Baneling x2  
  112  10:31  Roach x4  
  120  10:40  Roach x6  
  128  10:47  Roach x2  
  128  10:48  Roach  
  125  10:55  Roach x5  
  128  11:10  Zergling x10  
  117  11:15  Zergling x2  
  117  11:16  Zergling x4  
  97  11:19  Zergling x2  
Show
View Real Time Build Order
Export as new Build Order

PiLiPiLi Protoss - Winner!

Build Orders:  

Get SALT Encoding   

  12  0:00  Probe  
  13  0:12  Probe  
  14  0:20  Pylon  
  14  0:25  Probe  
  15  0:39  Gateway, Probe (Chrono Boost)  
  16  0:47  Probe (Chrono Boost)  
  16  0:48  Assimilator  
  17  0:53  Probe  
  18  1:05  Probe  
  19  1:17  Probe  
  20  1:24  Gateway  
  20  1:25  Zealot (Chrono Boost)  
  20  1:27  Cybernetics Core  
  22  1:32  Pylon  
  22  1:38  Probe  
  23  1:50  Zealot (Chrono Boost), Probe  
  26  2:02  Pylon  
  23  2:12  Probe  
  23  2:15  Adept (Chrono Boost)  
  26  2:20  Adept (Chrono Boost)  
  28  2:26  Pylon  
  26  2:32  Probe  
  27  2:42  Warp Gate  
  27  2:43  Adept  
  28  2:45  Probe  
  28  2:48  Assimilator  
  29  2:58  Nexus  
  29  3:03  Probe  
  30  3:15  Probe  
  30  3:18  Pylon  
  31  3:20  Stargate  
  31  3:36  Probe (Chrono Boost)  
  31  3:38  Pylon  
  32  3:46  Probe (Chrono Boost)  
  33  3:51  Probe (Chrono Boost)  
  34  4:02  Probe  
  33  4:11  Oracle (Chrono Boost)  
  33  4:12  Probe  
  33  4:14  Probe  
  36  4:21  Gateway  
  36  4:25  Probe  
  36  4:26  Probe  
  36  4:31  Adept x2  
  42  4:37  Probe  
  43  4:38  Phoenix (Chrono Boost)  
  43  4:39  Probe  
  43  4:43  Assimilator  
  46  4:46  Assimilator  
  46  4:47  Shield Battery  
  46  4:49  Probe  
  46  4:51  Probe  
  48  4:54  Pylon  
  48  5:01  Probe  
  48  5:03  Probe  
  50  5:13  Probe  
  51  5:15  Probe  
  52  5:25  Probe  
  52  5:27  Probe  
  52  5:30  Adept x2  
  52  5:33  Phoenix  
  56  5:37  Probe  
  56  5:39  Probe  
  58  5:44  Nexus  
  58  5:45  Pylon  
  58  5:47  Protoss Air Weapons Level 1, Stargate  
  58  5:49  Probe  
  59  5:52  Stargate  
  59  5:54  Probe  
  60  6:01  Probe  
  60  6:02  Phoenix  
  63  6:05  Shield Battery  
  63  6:07  Probe  
  64  6:11  Adept  
  64  6:12  Adept  
  64  6:15  Adept  
  64  6:17  Probe  
  71  6:22  Probe  
  72  6:32  Phoenix x2  
  77  6:36  Pylon  
  77  6:38  Phoenix  
  78  6:42  Pylon  
  78  6:43  Pylon  
  78  6:56  Probe  
  78  6:57  Probe  
  78  6:58  Probe  
  78  6:59  Robotics Facility  
  78  7:00  Phoenix (Chrono Boost)  
  73  7:02  Phoenix (Chrono Boost)  
  73  7:06  Phoenix (Chrono Boost)  
  77  7:08  Probe  
  77  7:10  Probe x2  
  77  7:12  Sentry  
  82  7:18  Phoenix (Chrono Boost)  
  82  7:20  Phoenix (Chrono Boost), Probe  
  82  7:22  Probe  
  88  7:24  Assimilator, Probe  
  88  7:28  Assimilator  
  89  7:32  Probe  
  89  7:36  Probe  
  89  7:37  Probe  
  91  7:40  Phoenix (Chrono Boost)  
  95  7:45  Probe  
  95  7:47  Phoenix (Chrono Boost)  
  95  7:48  Probe  
  95  7:49  Phoenix (Chrono Boost), Probe  
  100  7:54  Forge  
  100  7:57  Probe  
  101  7:59  Twilight Council  
  101  8:00  Probe  
  101  8:01  Probe  
  103  8:09  Probe  
  103  8:12  Phoenix x2 (Chrono Boost), Probe  
  109  8:14  Zealot  
  109  8:15  Zealot, Immortal (Chrono Boost)  
  115  8:24  Zealot  
  117  8:28  Phoenix (Chrono Boost)  
  117  8:32  Protoss Ground Weapons Level 1 (Chrono Boost)  
  117  8:35  Phoenix (Chrono Boost)  
  117  8:40  Charge (Chrono Boost)  
  115  8:43  Phoenix (Chrono Boost)  
  115  8:45  Gateway  
  115  8:46  Gateway  
  115  8:48  Gateway  
  115  8:51  Gateway  
  115  8:59  Zealot  
  117  9:04  Gateway  
  117  9:05  Templar Archives  
  117  9:17  Gateway  
  117  9:20  Gateway  
  117  9:32  Warp Prism (Chrono Boost)  
  117  9:35  Pylon  
  117  9:37  Pylon  
  117  9:38  Pylon, Phoenix  
  117  9:40  Pylon x2  
  117  9:42  Pylon x2, Photon Cannon  
  117  9:44  Pylon  
  117  9:49  Phoenix  
  117  9:56  High Templar x4  
  117  9:57  Zealot x3  
  131  10:05  Immortal (Chrono Boost)  
  131  10:06  Archon x2  
  129  10:08  Zealot  
  131  10:19  Zealot x5  
  139  10:29  Stalker  
  139  10:30  Stalker x4  
  147  10:42  Zealot x5  
  134  10:54  Zealot x10  
  140  11:24  Zealot x4  
  140  11:25  Zealot x3  
  144  11:26  Nexus  
  144  11:30  Pylon  

Tags
 
Add a new tag
Caveats
  • Supply blocks, unpowered buildings, or Contaminate may cause inaccurate times.
  • Supply counts are checked every 10 seconds.